 Dungeon Crawl Stone Soup version 0.31-a0-1074-g0b22e4e0f1 (webtiles) character file.

Game seed: 3049736565016543724

19 drugrobin the Sneak (level 2, 0/25 HPs)
             Began as a Demigod Delver on Dec 7, 2023.
             Slain by an orc
             ... wielding a +0 trident
              (4 damage)
             ... on level 4 of the Dungeon.
             The game lasted 00:05:10 (502 turns).

drugrobin the Sneak (Demigod Delver)                 Turns: 502, Time: 00:05:10

Health: 0/25       AC:  3    Str: 13    XL:     2   Next: 39%
Magic:  4/4        EV: 11    Int: 12    God:
Gold:   11         SH:  0    Dex: 15    Spells: 1/1 levels left

rFire   . . .        a - +0 mace
rCold   . . .        (no shield)
rNeg    . . .        b - +0 leather armour
rPois   .            (no helmet)
rElec   .            (no cloak)
rCorr   .            (no gloves)
SInv    .            (no boots)
Will    .....        (no amulet)
Stlth   +++          (no ring)
HPRegen 0.24/turn    (no ring)
MPRegen 0.09/turn

%: no passive effects
@: no status effects
A: high MP 1, forlorn, divine attributes
a: no special abilities


You were on level 4 of the Dungeon.
You visited 1 branch of the dungeon, and saw 2 of its levels.

You collected 11 gold pieces.

Inventory:

Hand Weapons
 a - a +0 mace (weapon)
 g - a +0 sling
 h - a +0 war axe
Missiles
 d - 5 javelins
Armour
 b - a +0 leather armour (worn)
 e - a +0 scale mail
Scrolls
 c - a scroll of fog
Potions
 f - 2 potions of heal wounds {unknown}


   Skills:
 - Level 2.6 Fighting
 + Level 2.9 Maces & Flails
 - Level 1.7 Dodging
 - Level 4.5 Stealth


You had one spell level left.
You didn't know any spells.
Your spell library was empty.

Dungeon Overview and Level Annotations

Branches:
Dungeon (5/15)
 Temple: D:4-7

Annotations:
D:5 exclusions: adder, centaur, hound, 2 iguanas and shadow imp


Innate Abilities, Weirdness & Mutations

You have an increased reservoir of magic. (+10% MP)
You shall have no god before yourself.
Your divine heritage dramatically boosts your attributes as you level up.


Message History

Unknown command.
There is an open door here.
The orc shouts!
There is an open door here.
Unknown command.
You hit the orc.
The orc is heavily wounded.
The orc closely misses you.
Unknown command.
You hit the orc but do no damage.
The orc is heavily wounded.
The orc barely misses you. The orc closely misses you.
The orc hits you from afar with a +0 trident.
You hit the orc but do no damage.
The orc is heavily wounded.
The orc hits you with a +0 flail. The orc barely misses you. x2
You hit the orc but do no damage.
The orc is heavily wounded.
The orc hits you from afar with a +0 trident.
The orc hits you but does no damage.
You barely miss the orc.
The orc is heavily wounded.
The orc hits you from afar with a +0 trident.
The orc closely misses you. The orc barely misses you.
You closely miss the orc.
The orc is heavily wounded.
The orc closely misses you.
The orc hits you from afar with a +0 trident.
The orc hits you with a +0 flail.
You hit the orc.
The orc is almost dead.
The orc hits you from afar with a +0 trident.
* * * LOW HITPOINT WARNING * * *
The orc closely misses you.
Unknown command.
Unknown command.
You completely miss the orc.
The orc is almost dead.
The orc hits you from afar with a +0 trident.
You die...

#.#.# ###.# #...
##.#.#######.#.#
#...
#.<............#
#...
#..#########.###
#.## #..# #.# #>#
#########..###
#.# #.#
........<....#
#.# #.#
############.#
#.# #.# #@#
####.# #.# #o#
#....#####.#
#o####.###...††.#
#......# #.######
#####o.# #.# #..#
#.# #..# #.# #o.#
#.# #..###.#


You could see 2 orcs.

Vanquished Creatures
  An adder (D:4)
  A worm (D:4)
  A hobgoblin (D:4)
  4 jackals (D:4)
7 creatures vanquished.

Notes
Turn   | Place    | Note
-------+----------+-------------------------------------------
     0 | D:5      | drugrobin the Demigod Delver began the quest for the Orb.
     0 | D:5      | Reached XP level 1. HP: 18/18 MP: 3/3
     5 | D:5      | Noticed an iguana
    13 | D:5      | Noticed a hound
    93 | D:5      | Noticed an iguana
   102 | D:5      | Noticed a sleepcap
   217 | D:5      | Noticed a centaur
   225 | D:5      | Noticed a scorpion
   272 | D:4      | Reached XP level 2. HP: 3/25 MP: 4/4
   502 | D:4      | Slain by an orc

Illustrated notes

Levels and vault maps discovered:
D:4:      layout_loops_ring, gammafunk_temple_overflow_pools,
          minmay_temple_entry_stoned_glass, dk_noncrumbling_2,
          nicolae_goblin_pals, uniq_robin
D:5:      layout_cave_pools, serial_glass, glass_columns_c, glass_columns_a,
          glass_columns_b, glass_columns_a, glass_columns_a, glass_columns_b,
          glass_columns_b, glass_columns_b

Skill      XL: |  1 |
---------------+----+-----
Maces & Flails | 2 |  2.9
Fighting       | |  2.6
Dodging        | |  1.7
Stealth        | |  4.5

Action                     || total
---------------------------++-------
  Melee: Mace              ||    48
  Evoke: Wand              ||     3
    Use: Scroll            ||     2
         Potion            ||     1
   Stab: Sleeping          ||     1
 Armour: Leather armour    ||    36
  Dodge: Dodged            ||    46

Table legend: (Time is in decaauts)
 A = Elapsed time spent in this place.
 B = Non-inter-level travel time spent in this place.
 C = Inter-level travel time spent in this place.
 D = Time resting spent in this place.
 E = Time spent auto-exploring this place.
 F = Levels seen in this place.
 G = Mean time per level.
                   A        B        C        D        E       F      G
               +--------+--------+--------+--------+--------+-----+--------+
         Total |    496 |    496 |      0 |     26 |     82 |   2 |  248.0 |
       Dungeon |    496 |    496 |      0 |     26 |     82 |   2 |  248.0 |
               +--------+--------+--------+--------+--------+-----+--------+

Top non-repeatable levels by time:
     D:4: 260 daAuts
     D:5: 236 daAuts
